cohdb
Replays
Latest Replays
All Replays
Popular Replays
Top Player Replays
Match Explorer
How It Works
Community
CoH3 Stats
Reddit
Sign in to upload your games and track your stats! →
Sign in with Steam
Match 25262586
Unlisted
Match 25262586
Overview
Messages
Build Orders
End
Construct Barracks
Riflemen Squad
Riflemen Squad
Riflemen Squad
Grenade Package
Riflemen Squad
Infantry Support Center
M1918 Browning Automatic Rifles
Munitions Surplus
Construct Medical Station
Construct Motor Pool
Riflemen Squad
Selects Armored Battlegroup
Selects Veteran Crews
Selects Field Repairs
Selects War Machine
M8 Greyhound Armored Car
Engineer Squad
M24 Chaffee Light Tank
Selects Fast Deploy
M24 Chaffee Light Tank
M24 Chaffee Light Tank
ConcernedApe
TetrisRanger
0
0
Comments
sign in to comment!
No comments posted yet!